Sabres vs Wild

Created - 14 novembre 2014 at 19:10

Goals
1 2 3 OT1 SO T
Sabres 1 3 1 0 0 5
Wild 0 4 1 0 2 6
Shots
1 2 3 OT1 SO T
Sabres 14 14 11 0 2 39
Wild 10 13 15 1 2 39

1st period

1. Sabres , Mike Fisher 6 (Tomas Kopecky, Antoine Roussel) at 4:50

Penalties :
Alexander Perezhogin (Min) for Tripping (Minor) at 1:45, Fredrik Modin (Min) for Boarding (Minor) at 11:39, Daniel Briere (Min) for Hooking (Minor) at 14:38, R.J. Umberger (Min) for Tripping (Minor) at 17:17

2nd period

2. Sabres , Niclas Bergfors 16 (Derick Brassard) at 7:53 (PP)
3. Sabres , Derick Brassard 7 (Niclas Bergfors, Ole-Kristian Tollefsen) at 10:10 (PP)
4. Wild , Mike Green 5 (Chris Neil) at 12:42 (SH)
5. Wild , Alexei Kovalev 11 (Vaclav Prospal, Fredrik Modin) at 13:56
6. Wild , Vaclav Prospal 10 (Fredrik Modin, Alexei Kovalev) at 16:56
7. Wild , R.J. Umberger 7 (Greg Zanon) at 18:10
8. Sabres , Niclas Bergfors 17 (Jiri Hudler) at 18:20

Penalties :
James Neal (Buf) for Holding (Minor) at 0:55, Daniel Briere (Min) for Hooking (Minor) at 7:29, Rich Peverley (Min) for Slashing (Double Minor) at 9:57, Greg Zanon (Min) for Cross-checking (Minor) at 11:03, R.J. Umberger (Min) for Hooking (Minor) at 14:15, Glen Metropolit (Min) for Holding (Minor) at 14:33

3rd period

9. Sabres , James Neal 9 (Nathan Dempsey, Jiri Hudler) at 5:57 (SH)
10. Wild , Daniel Briere 10 (Fedor Tyutin, Mike Green) at 19:39

Penalties :
Ryan Hollweg (Buf) for Holding (Minor) at 4:44, Antoine Roussel (Buf) for Tripping (Minor) at 15:34

Overtime #1

No Goal

Penalties :
No Penalty

Shootout

Penalty Shot by James Neal for Sabres - Stopped by Martin Brodeur
Penalty Shot by Daniel Briere for Wild - Goal!
Penalty Shot by Niclas Bergfors for Sabres - Stopped by Martin Brodeur
Penalty Shot by Chris Drury for Wild - Goal!

Penalties :
No Penalty

Goalie Stats

Michal Neuvirth (Buf), 34 saves from 39 shots - (0,872), OTL, 9-5-4, 65:00 minutes
Martin Brodeur (Min), 34 saves from 39 shots - (0,872), W, 11-8-1, 64:47 minutes

Players Stats for Sabres

Player Name              G  A  P  +/- PIM S  H  SB GA TA FO     MP     PP MP  PK MP  
------------------------------------------------------------------------------------
Antoine Roussel          0  1  1   0  2   0  0  0  1  1  2/2    10:02   0:05   0:00 
Derick Brassard          1  1  2  -1  0   5  1  0  0  1  16/30  22:34   7:46   0:00 
James Neal               1  0  1   0  2   5  2  0  0  0  2/2    22:27   7:46   0:20 
Jiri Hudler              0  2  2  -1  0   3  4  0  0  1  9/20   19:35   5:51   1:29 
Joni Pitkanen            0  0  0  -1  0   1  4  2  0  1  0/0    28:31   8:29   2:48 
Justin Williams          0  0  0   0  0   1  0  0  0  0  0/0     5:49   0:05   0:00 
Kyle Calder              0  0  0   0  0   2  0  0  1  0  0/0     8:22   0:00   1:51 
Mike Fisher              1  0  1  -1  0   1  3  1  0  0  5/12   13:22   0:00   3:36 
Nathan Dempsey           0  1  1  -1  0   1  1  1  1  2  0/0    21:36   5:08   3:09 
Nathan Paetsch           0  0  0   0  0   1  2  1  1  0  0/0    20:01   5:08   0:00 
Niclas Bergfors          2  1  3   0  0   6  1  2  3  0  0/1    21:54   7:46   0:00 
Ole-Kristian Tollefsen   0  1  1  -3  0   1  1  1  0  0  0/0    28:40   8:34   3:09 
Richard Lintner          0  0  0   1  0   0  0  1  0  0  0/0    17:01   0:05   2:48 
Ryan Hollweg             0  0  0  -1  2   4  0  0  0  0  1/2    19:11   5:51   0:11 
Steve Downie             0  0  0  -2  0   6  0  0  0  1  0/1    20:20   5:51   0:52 
Todd White               0  0  0  -1  0   1  0  0  0  0  2/5    10:19   0:00   3:35 
Tomas Kopecky            0  1  1   0  0   1  0  0  0  0  0/0    10:05   0:05   0:00 
Tyler Sloan              0  0  0   0  0   0  0  3  0  0  0/0    14:11   0:00   0:00 

Players Stats for Wild

Player Name              G  A  P  +/- PIM S  H  SB GA TA FO     MP     PP MP  PK MP  
------------------------------------------------------------------------------------
Alexander Perezhogin     0  0  0   0  2   0  1  0  0  0  0/0     6:22   0:50   0:00 
Alexei Kovalev           1  1  2   0  0   5  0  0  1  1  0/0    14:45   1:47   0:00 
Anson Carter             0  0  0   0  0   7  1  0  0  0  0/0    11:03   0:05   3:20 
Chris Drury              0  0  0   2  0   4  2  1  0  0  15/25  23:14   3:20   2:30 
Chris Neil               0  1  1   1  0   0  1  0  1  0  1/1     9:18   0:00   3:37 
Cody McLeod              0  0  0  -1  0   0  0  0  0  0  0/0    11:05   0:45   1:43 
Daniel Briere            1  0  1   2  4   4  1  0  1  0  0/3    20:25   3:20   0:00 
Fedor Tyutin             0  1  1   1  0   1  1  0  1  0  0/0    24:14   3:49   0:53 
Fredrik Modin            0  2  2   0  2   3  0  0  0  1  1/2    19:25   1:47   5:10 
Glen Metropolit          0  0  0  -1  2   1  1  0  0  2  9/17   15:14   0:45   6:32 
Greg Zanon               0  1  1  -1  2   3  1  2  1  1  0/0    23:00   1:56   4:48 
Mark Eaton               0  0  0   0  0   0  1  0  0  1  0/0    23:58   1:56   5:48 
Mike Green               1  1  2   2  0   1  1  3  2  0  0/0    23:39   3:49   0:24 
Nate Guenin              0  0  0   1  0   0  0  0  0  0  0/0    17:34   0:12   7:47 
R.J. Umberger            1  0  1   2  4   5  2  1  0  1  1/2    20:46   3:20   0:42 
Rich Peverley            0  0  0   0  4   2  0  0  0  0  4/7     6:36   0:05   0:48 
Shane Hnidy              0  0  0   1  0   1  2  0  0  0  0/0    17:36   0:12   7:43 
Vaclav Prospal           1  1  2   0  0   2  0  0  0  0  7/18   15:08   1:47   0:14 

3 Stars

1 - Niclas Bergfors (Buf)
2 - Mike Green (Min)
3 - Alexei Kovalev (Min)

Power Play

Sabres - 2 on 10 Attempt(s) - 20,00%
Wild - 0 on 3 Attempt(s) - 0,00%

Penalty Kill

Sabres - 3 on 3 Attempt(s) - 100,00% - Score 1 goal in Penalty Kill
Wild - 8 on 10 Attempt(s) - 80,00% - Score 1 goal in Penalty Kill

Official

Referees : Kowal Tom and Walkom Stephen
Linesman : Steve Miller and Brad Lazarowich

Game Notes

No Game Note

Finance

Level 1 -- Attendance: 3577 (59,62%) -- Ticket Income 447 125 $
Level 2 -- Attendance: 2874 (57,48%) -- Ticket Income 215 550 $
Level 3 -- Attendance: 1069 (53,45%) -- Ticket Income 53 450 $
Level 4 -- Attendance: 1874 (46,85%) -- Ticket Income 74 960 $
Luxury Box -- Attendance: 567 (56,70%) -- Ticket Income 127 575 $
Game was played at the Forest Center
Total Attendance: 9961 (55,34%)
Total Ticket Income: 918 660 $
Other Income: 137 799 $
Total Income: 1 056 459 $

Sabres

5 vs 5 Forward 
   Center                   Left Wing                Right Wing               Time % Phy DF OF 
 1 Derick Brassard          James Neal               Steve Downie             32     1   3  1  
 2 Jiri Hudler              Ryan Hollweg             Niclas Bergfors          32     1   3  1  
 3 Mike Fisher              Antoine Roussel          Tomas Kopecky            26     1   3  1  
 4 Todd White               Kyle Calder              Justin Williams          10     1   3  1  

5 vs 5 Defense 
   Defense                  Defense                                           Time % Phy DF OF 
 1 Ole-Kristian Tollefsen   Nathan Dempsey                                    33     1   3  1  
 2 Richard Lintner          Joni Pitkanen                                     33     1   3  1  
 3 Tyler Sloan              Nathan Paetsch                                    24     1   3  1  
 4 Ole-Kristian Tollefsen   Joni Pitkanen                                     10     1   2  2  

PowerPlay Forward 
   Center                   Left Wing                Right Wing               Time % Phy DF OF 
 1 Derick Brassard          James Neal               Niclas Bergfors          60     1   1  3  
 2 Jiri Hudler              Ryan Hollweg             Steve Downie             40     3   0  2  

PowerPlay Defense
   Defense                  Defense                                           Time % Phy DF OF 
 1 Ole-Kristian Tollefsen   Joni Pitkanen                                     60     1   2  2  
 2 Nathan Paetsch           Nathan Dempsey                                    40     1   2  2  

Penalty Kill 4 Players Forward 
   Center                   Wing                     Time % Phy DF OF 
 1 Mike Fisher              Todd White               60     1   4  0  
 2 Jiri Hudler              Kyle Calder              40     1   3  1  

Penalty Kill 4 Players Defense
   Defense                  Defense                  Time % Phy DF OF 
 1 Ole-Kristian Tollefsen   Nathan Dempsey           50     1   4  0  
 2 Richard Lintner          Joni Pitkanen            50     1   4  0  

Penalty Kill - 3 Players Forward 
   Forward                                           Time % Phy DF OF 
 1 Todd White                                        60     0   5  0  
 2 Mike Fisher                                       40     0   5  0  

Penalty Kill - 3 Players Defense
   Defense                  Defense                  Time % Phy DF OF 
 1 Ole-Kristian Tollefsen   Nathan Dempsey           50     1   4  0  
 2 Richard Lintner          Joni Pitkanen            50     1   4  0  

4 vs 4 Forward 
   Center                   Wing                     Time % Phy DF OF 
 1 Derick Brassard          Niclas Bergfors          60     0   2  3  
 2 Ryan Hollweg             James Neal               40     2   3  0  

4 vs 4 Defense
   Defense                  Defense                  Time % Phy DF OF 
 1 Ole-Kristian Tollefsen   Joni Pitkanen            60     1   2  2  
 2 Tyler Sloan              Nathan Paetsch           40     1   3  1  

Last Minutes Offensive
   Center                   Left Wing                Right Wing               Defense                  Defense                  
   Derick Brassard          James Neal               Niclas Bergfors          Ole-Kristian Tollefsen   Joni Pitkanen            

Last Minutes Defensive
   Center                   Left Wing                Right Wing               Defense                  Defense                  
   Mike Fisher              Todd White               Steve Downie             Ole-Kristian Tollefsen   Joni Pitkanen            

Goaltenders
Starting : Michal Neuvirth          
Backup : Nikolai Khabibulin       

Extra Forwards
Normal : Antoine Roussel, Tomas Kopecky, Kyle Calder - PP : Antoine Roussel, Tomas Kopecky - PK : Steve Downie
Extra Defensemen
Normal : Richard Lintner, Nathan Paetsch, Tyler Sloan - PP : Richard Lintner - PK : Nathan Paetsch, Tyler Sloan
Penalty Shots
James Neal, Niclas Bergfors, Jiri Hudler, Steve Downie, Ryan Hollweg

Wild

5 vs 5 Forward 
   Center                   Left Wing                Right Wing               Time % Phy DF OF 
 1 Chris Drury              R.J. Umberger            Daniel Briere            40     1   0  4  
 2 Vaclav Prospal           Fredrik Modin            Alexei Kovalev           30     0   1  4  
 3 Glen Metropolit          Cody McLeod              Anson Carter             20     1   1  3  
 4 Rich Peverley            Chris Neil               Alexander Perezhogin     10     2   2  1  

5 vs 5 Defense 
   Defense                  Defense                                           Time % Phy DF OF 
 1 Mike Green               Fedor Tyutin                                      40     1   1  3  
 2 Mark Eaton               Greg Zanon                                        30     2   2  1  
 3 Shane Hnidy              Nate Guenin                                       20     2   2  1  
 4 Mike Green               Fedor Tyutin                                      10     1   1  3  

PowerPlay Forward 
   Center                   Left Wing                Right Wing               Time % Phy DF OF 
 1 Chris Drury              R.J. Umberger            Daniel Briere            60     0   0  5  
 2 Vaclav Prospal           Fredrik Modin            Alexei Kovalev           40     0   0  5  

PowerPlay Defense
   Defense                  Defense                                           Time % Phy DF OF 
 1 Mike Green               Fedor Tyutin                                      60     0   2  3  
 2 Mark Eaton               Greg Zanon                                        40     0   2  3  

Penalty Kill 4 Players Forward 
   Center                   Wing                     Time % Phy DF OF 
 1 Glen Metropolit          Fredrik Modin            60     1   3  1  
 2 Chris Neil               Anson Carter             40     1   3  1  

Penalty Kill 4 Players Defense
   Defense                  Defense                  Time % Phy DF OF 
 1 Nate Guenin              Shane Hnidy              60     2   3  0  
 2 Mark Eaton               Greg Zanon               40     2   3  0  

Penalty Kill - 3 Players Forward 
   Forward                                           Time % Phy DF OF 
 1 Glen Metropolit                                   60     1   4  0  
 2 Chris Neil                                        40     1   4  0  

Penalty Kill - 3 Players Defense
   Defense                  Defense                  Time % Phy DF OF 
 1 Shane Hnidy              Mark Eaton               60     2   3  0  
 2 Nate Guenin              Greg Zanon               40     2   3  0  

4 vs 4 Forward 
   Center                   Wing                     Time % Phy DF OF 
 1 Daniel Briere            Chris Drury              60     1   1  3  
 2 R.J. Umberger            Vaclav Prospal           40     1   1  3  

4 vs 4 Defense
   Defense                  Defense                  Time % Phy DF OF 
 1 Mike Green               Fedor Tyutin             60     1   1  3  
 2 Mark Eaton               Greg Zanon               40     1   1  3  

Last Minutes Offensive
   Center                   Left Wing                Right Wing               Defense                  Defense                  
   Chris Drury              R.J. Umberger            Daniel Briere            Mike Green               Fedor Tyutin             

Last Minutes Defensive
   Center                   Left Wing                Right Wing               Defense                  Defense                  
   Alexei Kovalev           Glen Metropolit          Chris Neil               Greg Zanon               Nate Guenin              

Goaltenders
Starting : Martin Brodeur           
Backup : Julien Ellis             

Extra Forwards
Normal : Chris Drury, Daniel Briere, Alexei Kovalev - PP : Chris Drury, Daniel Briere - PK : Glen Metropolit
Extra Defensemen
Normal : Mike Green, Fedor Tyutin, Shane Hnidy - PP : Mike Green - PK : Fedor Tyutin, Nate Guenin
Penalty Shots
Daniel Briere, Chris Drury, R.J. Umberger, Vaclav Prospal, Alexei Kovalev

% Time on Ice - Sabres

Lines # - Real PCT - Wanted PCT - Time Play
Normal Forward
1 - 34% - 32% - 13:19
2 - 31% - 32% - 12:07
3 - 22% - 26% - 8:32
4 - 14% - 10% - 5:30
Normal Defense
1 - 33% - 33% - 13:12
2 - 35% - 33% - 13:49
3 - 29% - 24% - 11:24
4 - 3% - 10% - 1:03
PP Forward
1 - 57% - 60% - 7:51
2 - 43% - 40% - 5:51
PP Defense
1 - 63% - 60% - 8:34
2 - 37% - 40% - 5:08
PK Forward
1 - 80% - 60% - 4:47
2 - 20% - 40% - 1:10
PK Defense
1 - 53% - 50% - 3:09
2 - 47% - 50% - 2:48
PK3 Forward
1 - 0% - 60%
2 - 0% - 40%
PK3 Defense
1 - 0% - 50%
2 - 0% - 50%
44 Forward
1 - 85% - 60% - 4:16
2 - 15% - 40% - 0:44
44 Defense
1 - 58% - 60% - 2:55
2 - 42% - 40% - 2:05
Last Minute Offensive  - 0:00
Last Minute Defensive  - 0:53
Total
Forward - 65:00
Defense - 65:00

% Time on Ice - Wild

Lines # - Real PCT - Wanted PCT - Time Play
Normal Forward
1 - 38% - 40% - 14:58
2 - 31% - 30% - 12:15
3 - 18% - 20% - 7:00
4 - 13% - 10% - 5:14
Normal Defense
1 - 45% - 40% - 17:37
2 - 36% - 30% - 14:01
3 - 18% - 20% - 7:12
4 - 2% - 10% - 0:37
PP Forward
1 - 70% - 60% - 4:10
2 - 30% - 40% - 1:47
PP Defense
1 - 68% - 60% - 4:01
2 - 32% - 40% - 1:56
PK Forward
1 - 69% - 60% - 7:35
2 - 31% - 40% - 3:20
PK Defense
1 - 57% - 60% - 6:15
2 - 43% - 40% - 4:40
PK3 Forward
1 - 90% - 60% - 2:30
2 - 10% - 40% - 0:17
PK3 Defense
1 - 53% - 60% - 1:28
2 - 47% - 40% - 1:19
44 Forward
1 - 74% - 60% - 3:41
2 - 26% - 40% - 1:19
44 Defense
1 - 56% - 60% - 2:47
2 - 44% - 40% - 2:13
Last Minute Offensive  - 0:54
Last Minute Defensive  - 0:00
Total
Forward - 65:00
Defense - 65:00

Play by Play

1st period


0:01 of 1st period - Chris Drury wins face-off versus Derick Brassard in neutral zone.
0:11 of 1st period - Icing by Derick Brassard.
0:12 of 1st period - Derick Brassard wins face-off versus Vaclav Prospal in Sabres zone.
0:23 of 1st period - Snap shot by Alexei Kovalev.
0:23 of 1st period - Stopped by Michal Neuvirth without a rebound.
0:24 of 1st period - Glen Metropolit wins face-off versus Jiri Hudler in Sabres zone.
0:25 of 1st period - Snap shot by Anson Carter.
0:25 of 1st period - Stopped by Michal Neuvirth with a rebound.
1:36 of 1st period - Off-side.
1:37 of 1st period - Derick Brassard wins face-off versus Rich Peverley in neutral zone.
1:45 of 1st period - Minor Penalty to Alexander Perezhogin for Tripping.
1:46 of 1st period - Glen Metropolit wins face-off versus Derick Brassard in Wild zone.
1:54 of 1st period - Snap shot by Fredrik Modin.
1:54 of 1st period - Shot Blocked by Joni Pitkanen.
3:45 of 1st period - Penalty to Alexander Perezhogin is over, Alexander Perezhogin is back on ice.
3:56 of 1st period - Slapshot by Justin Williams.
3:56 of 1st period - Stopped by Martin Brodeur with a rebound.
3:58 of 1st period - Snap shot by Nathan Paetsch.
3:58 of 1st period - Stopped by Martin Brodeur without a rebound.
3:59 of 1st period - Chris Drury wins face-off versus Todd White in Wild zone.
4:34 of 1st period - Snap shot by Alexander Perezhogin.
4:34 of 1st period - Shot Blocked by Tyler Sloan.
4:50 of 1st period - Snap shot by Mike Fisher.
4:50 of 1st period - Goal by Mike Fisher - Sabres : 1 - Wild : 0.
4:51 of 1st period - Vaclav Prospal wins face-off versus Jiri Hudler in neutral zone.
4:56 of 1st period - Wrist shot by Vaclav Prospal.
4:56 of 1st period - Stopped by Michal Neuvirth with a rebound.
5:25 of 1st period - Snap shot by Daniel Briere.
5:25 of 1st period - Stopped by Michal Neuvirth with a rebound.
5:27 of 1st period - Slapshot by R.J. Umberger.
5:27 of 1st period - Stopped by Michal Neuvirth with a rebound.
5:29 of 1st period - Snap shot by Chris Drury.
5:29 of 1st period - Shot Blocked by Ole-Kristian Tollefsen.
5:31 of 1st period - Snap shot by Fedor Tyutin.
5:31 of 1st period - Stopped by Michal Neuvirth with a rebound.
5:52 of 1st period - Wrist shot by Derick Brassard.
5:52 of 1st period - Stopped by Martin Brodeur without a rebound.
5:53 of 1st period - Jiri Hudler wins face-off versus Daniel Briere in Wild zone.
6:43 of 1st period - Wrist shot by Justin Williams.
6:43 of 1st period - Shot Misses the Net.
6:45 of 1st period - Slapshot by Joni Pitkanen.
6:45 of 1st period - Shot Blocked by Greg Zanon.
6:47 of 1st period - Wrist shot by Kyle Calder.
6:47 of 1st period - Shot Misses the Net.
6:49 of 1st period - Slapshot by Ole-Kristian Tollefsen.
6:49 of 1st period - Deflect By Todd White.
6:49 of 1st period - Stopped by Martin Brodeur with a rebound.
6:51 of 1st period - Slapshot by Nathan Dempsey.
6:51 of 1st period - Stopped by Martin Brodeur without a rebound.
6:52 of 1st period - Vaclav Prospal wins face-off versus Jiri Hudler in Wild zone.
6:59 of 1st period - Slapshot by Joni Pitkanen.
6:59 of 1st period - Shot Blocked by Mike Green.
7:05 of 1st period - Wrist shot by Jiri Hudler.
7:05 of 1st period - Stopped by Martin Brodeur with a rebound.
7:25 of 1st period - Slapshot by Steve Downie.
7:25 of 1st period - Stopped by Martin Brodeur without a rebound.
7:26 of 1st period - Jiri Hudler wins face-off versus Chris Drury in Wild zone.
7:41 of 1st period - Snap shot by Jiri Hudler.
7:41 of 1st period - Deflect By Ryan Hollweg.
7:41 of 1st period - Stopped by Martin Brodeur with a rebound.
7:53 of 1st period - Steve Downie is hit by Shane Hnidy and loses puck.
8:28 of 1st period - Slapshot by Anson Carter.
8:28 of 1st period - Shot Blocked by Mike Fisher.
8:40 of 1st period - Wrist shot by Jiri Hudler.
8:40 of 1st period - Stopped by Martin Brodeur without a rebound.
8:41 of 1st period - Rich Peverley wins face-off versus Jiri Hudler in Wild zone.
8:41 of 1st period - Rich Peverley is hit by Niclas Bergfors.
8:51 of 1st period - Snap shot by Ryan Hollweg.
8:51 of 1st period - Shot Misses the Net.
8:53 of 1st period - Slapshot by Richard Lintner.
8:53 of 1st period - Deflect By Jiri Hudler.
8:53 of 1st period - Shot Misses the Net.
8:53 of 1st period - Puck is out of play.
8:54 of 1st period - Chris Drury wins face-off versus Jiri Hudler in Wild zone.
9:06 of 1st period - Snap shot by Chris Drury.
9:06 of 1st period - Stopped by Michal Neuvirth with a rebound.
9:08 of 1st period - Snap shot by R.J. Umberger.
9:08 of 1st period - Deflect By Daniel Briere.
9:08 of 1st period - Stopped by Michal Neuvirth with a rebound.
9:19 of 1st period - Icing by Jiri Hudler.
9:20 of 1st period - Vaclav Prospal wins face-off versus Derick Brassard in Sabres zone.
9:23 of 1st period - Snap shot by Alexei Kovalev.
9:23 of 1st period - Shot Misses the Net.
9:50 of 1st period - Wrist shot by Jiri Hudler.
9:50 of 1st period - Shot Misses the Net.
9:52 of 1st period - Slapshot by Ole-Kristian Tollefsen.
9:52 of 1st period - Stopped by Martin Brodeur without a rebound.
9:53 of 1st period - Jiri Hudler wins face-off versus Chris Drury in Wild zone.
9:54 of 1st period - Wrist shot by Ryan Hollweg.
9:54 of 1st period - Stopped by Martin Brodeur with a rebound.
10:27 of 1st period - Fedor Tyutin is hit by Mike Fisher.
10:33 of 1st period - Mike Fisher is hit by Mike Green and loses puck.
10:44 of 1st period - Wrist shot by Antoine Roussel.
10:44 of 1st period - Shot Misses the Net.
10:46 of 1st period - Slapshot by Joni Pitkanen.
10:46 of 1st period - Stopped by Martin Brodeur without a rebound.
10:47 of 1st period - Derick Brassard wins face-off versus Chris Drury in Wild zone.
11:17 of 1st period - Snap shot by Ryan Hollweg.
11:17 of 1st period - Stopped by Martin Brodeur without a rebound.
11:18 of 1st period - Jiri Hudler wins face-off versus Vaclav Prospal in Wild zone.
11:39 of 1st period - Minor Penalty to Fredrik Modin for Boarding.
11:40 of 1st period - Glen Metropolit wins face-off versus Derick Brassard in Wild zone.
13:39 of 1st period - Penalty to Fredrik Modin is over, Fredrik Modin is back on ice.
13:57 of 1st period - Slapshot by Mike Green.
13:57 of 1st period - Shot Blocked by Nathan Dempsey.
14:20 of 1st period - Chris Neil is hit by Joni Pitkanen and loses puck.
14:38 of 1st period - Minor Penalty to Daniel Briere for Hooking.
14:39 of 1st period - Derick Brassard wins face-off versus Glen Metropolit in Wild zone.
15:08 of 1st period - Anson Carter is hit by Jiri Hudler and loses puck.
15:29 of 1st period - Snap shot by Derick Brassard.
15:29 of 1st period - Shot Misses the Net.
15:39 of 1st period - Derick Brassard is hit by Anson Carter and loses puck.
15:50 of 1st period - Chris Neil is hit by Nathan Paetsch and loses puck.
16:38 of 1st period - Penalty to Daniel Briere is over, Daniel Briere is back on ice.
17:10 of 1st period - Fedor Tyutin is hit by Mike Fisher and loses puck.
17:17 of 1st period - Minor Penalty to R.J. Umberger for Tripping.
17:18 of 1st period - Glen Metropolit wins face-off versus Derick Brassard in Wild zone.
17:27 of 1st period - Mark Eaton is hit by Derick Brassard and loses puck.
17:44 of 1st period - Mark Eaton is hit by Jiri Hudler and loses puck.
18:15 of 1st period - Snap shot by Anson Carter.
18:15 of 1st period - Stopped by Michal Neuvirth with a rebound.
19:17 of 1st period - Penalty to R.J. Umberger is over, R.J. Umberger is back on ice.
19:24 of 1st period - Glen Metropolit is hit by Joni Pitkanen and loses puck.
19:33 of 1st period - Slapshot by R.J. Umberger.
19:33 of 1st period - Stopped by Michal Neuvirth without a rebound.
19:34 of 1st period - Todd White wins face-off versus Chris Drury in Sabres zone.
19:59 of 1st period - Mike Green is hit by Mike Fisher.
Goals for this period are 1 for Sabres vs 0 for Wild.
Shots for this period are 14 for Sabres vs 10 for Wild.

2nd period


0:01 of 2nd period - Chris Drury wins face-off versus Derick Brassard in neutral zone.
0:26 of 2nd period - Greg Zanon is hit by Joni Pitkanen and loses puck.
0:38 of 2nd period - Icing by Fredrik Modin.
0:39 of 2nd period - Derick Brassard wins face-off versus Vaclav Prospal in Wild zone.
0:55 of 2nd period - Minor Penalty to James Neal for Holding.
0:56 of 2nd period - Mike Fisher wins face-off versus R.J. Umberger in Sabres zone.
0:56 of 2nd period - Mike Fisher is hit by R.J. Umberger.
2:45 of 2nd period - Fedor Tyutin is hit by Jiri Hudler and loses puck.
2:55 of 2nd period - Penalty to James Neal is over, James Neal is back on ice.
3:14 of 2nd period - Mark Eaton is hit by James Neal and loses puck.
4:01 of 2nd period - Icing by Mike Green.
4:02 of 2nd period - Chris Drury wins face-off versus Todd White in Wild zone.
4:22 of 2nd period - Snap shot by Nathan Dempsey.
4:22 of 2nd period - Shot Blocked by Mike Green.
4:50 of 2nd period - Wrist shot by Anson Carter.
4:50 of 2nd period - Deflect By Glen Metropolit.
4:50 of 2nd period - Stopped by Michal Neuvirth without a rebound.
4:51 of 2nd period - Derick Brassard wins face-off versus Chris Drury in Sabres zone.
6:05 of 2nd period - Off-side.
6:06 of 2nd period - Rich Peverley wins face-off versus Todd White in neutral zone.
6:30 of 2nd period - Snap shot by Rich Peverley.
6:30 of 2nd period - Deflect By Nathan Dempsey.
6:30 of 2nd period - Shot Misses the Net.
6:30 of 2nd period - Puck is out of play.
6:31 of 2nd period - Chris Drury wins face-off versus Steve Downie in Sabres zone.
6:45 of 2nd period - Off-side.
6:46 of 2nd period - Vaclav Prospal wins face-off versus Jiri Hudler in neutral zone.
6:56 of 2nd period - Snap shot by Vaclav Prospal.
6:56 of 2nd period - Deflect By Fredrik Modin.
6:56 of 2nd period - Stopped by Michal Neuvirth with a rebound.
7:29 of 2nd period - Minor Penalty to Daniel Briere for Hooking.
7:30 of 2nd period - Glen Metropolit wins face-off versus Derick Brassard in Wild zone.
7:41 of 2nd period - Snap shot by Derick Brassard.
7:41 of 2nd period - Stopped by Martin Brodeur without a rebound.
7:42 of 2nd period - Derick Brassard wins face-off versus Glen Metropolit in Wild zone.
7:45 of 2nd period - Wrist shot by Niclas Bergfors.
7:45 of 2nd period - Shot Misses the Net.
7:53 of 2nd period - Snap shot by Niclas Bergfors.
7:53 of 2nd period - Deflect By Nate Guenin.
7:53 of 2nd period - Goal by Niclas Bergfors - Sabres : 2 - Wild : 0.
7:54 of 2nd period - Chris Drury wins face-off versus Jiri Hudler in neutral zone.
8:02 of 2nd period - Off-side.
8:03 of 2nd period - Jiri Hudler wins face-off versus Chris Drury in neutral zone.
8:18 of 2nd period - Snap shot by Niclas Bergfors.
8:18 of 2nd period - Stopped by Martin Brodeur with a rebound.
8:32 of 2nd period - Snap shot by Niclas Bergfors.
8:32 of 2nd period - Shot Misses the Net.
8:38 of 2nd period - Wrist shot by Ryan Hollweg.
8:38 of 2nd period - Stopped by Martin Brodeur without a rebound.
8:39 of 2nd period - James Neal wins face-off versus Vaclav Prospal in Wild zone.
8:42 of 2nd period - Wrist shot by James Neal.
8:42 of 2nd period - Stopped by Martin Brodeur with a rebound.
8:52 of 2nd period - Snap shot by Steve Downie.
8:52 of 2nd period - Stopped by Martin Brodeur with a rebound.
8:54 of 2nd period - Wrist shot by Derick Brassard.
8:54 of 2nd period - Shot Misses the Net.
9:35 of 2nd period - Snap shot by Chris Drury.
9:35 of 2nd period - Stopped by Michal Neuvirth with a rebound.
9:57 of 2nd period - Double Minor Penalty to Rich Peverley for Slashing.
9:58 of 2nd period - Glen Metropolit wins face-off versus Derick Brassard in Wild zone.
10:10 of 2nd period - Wrist shot by Derick Brassard.
10:10 of 2nd period - Goal by Derick Brassard - Sabres : 3 - Wild : 0.
10:11 of 2nd period - James Neal wins face-off versus Glen Metropolit in neutral zone.
10:48 of 2nd period - Wrist shot by Anson Carter.
10:48 of 2nd period - Stopped by Michal Neuvirth without a rebound.
10:49 of 2nd period - Derick Brassard wins face-off versus Glen Metropolit in Sabres zone.
11:03 of 2nd period - Minor Penalty to Greg Zanon for Cross-checking.
11:04 of 2nd period - Glen Metropolit wins face-off versus Niclas Bergfors in Wild zone.
12:10 of 2nd period - Penalty to Rich Peverley is over, Rich Peverley is back on ice.
12:26 of 2nd period - Snap shot by Chris Neil.
12:26 of 2nd period - Deflect By Anson Carter.
12:26 of 2nd period - Stopped by Michal Neuvirth without a rebound.
12:27 of 2nd period - Chris Neil wins face-off versus Derick Brassard in Sabres zone.
12:42 of 2nd period - Slapshot by Mike Green.
12:42 of 2nd period - Goal by Mike Green - Sabres : 3 - Wild : 1.
12:43 of 2nd period - Derick Brassard wins face-off versus Glen Metropolit in neutral zone.
13:03 of 2nd period - Penalty to Greg Zanon is over, Greg Zanon is back on ice.
13:16 of 2nd period - Backhand shot by Ole-Kristian Tollefsen.
13:16 of 2nd period - Shot Misses the Net.
13:56 of 2nd period - Wrist shot by Alexei Kovalev.
13:56 of 2nd period - Goal by Alexei Kovalev - Sabres : 3 - Wild : 2.
13:57 of 2nd period - Derick Brassard wins face-off versus Chris Drury in neutral zone.
14:02 of 2nd period - Snap shot by James Neal.
14:02 of 2nd period - Stopped by Martin Brodeur with a rebound.
14:04 of 2nd period - Wrist shot by Derick Brassard.
14:04 of 2nd period - Shot Misses the Net.
14:06 of 2nd period - Snap shot by Derick Brassard.
14:06 of 2nd period - Deflect By James Neal.
14:06 of 2nd period - Shot Misses the Net.
14:06 of 2nd period - Puck is out of play.
14:07 of 2nd period - Derick Brassard wins face-off versus Chris Drury in Wild zone.
14:08 of 2nd period - Snap shot by Steve Downie.
14:08 of 2nd period - Stopped by Martin Brodeur with a rebound.
14:10 of 2nd period - Snap shot by Steve Downie.
14:10 of 2nd period - Shot Misses the Net.
14:15 of 2nd period - Minor Penalty to R.J. Umberger for Hooking.
14:16 of 2nd period - Glen Metropolit wins face-off versus Derick Brassard in Wild zone.
14:16 of 2nd period - Glen Metropolit is hit by Joni Pitkanen.
14:26 of 2nd period - Off-side.
14:27 of 2nd period - Derick Brassard wins face-off versus Glen Metropolit in neutral zone.
14:33 of 2nd period - Minor Penalty to Glen Metropolit for Holding.
14:34 of 2nd period - Chris Drury wins face-off versus Derick Brassard in Wild zone.
15:05 of 2nd period - Slapshot by Joni Pitkanen.
15:05 of 2nd period - Shot Misses the Net.
15:07 of 2nd period - Slapshot by Ole-Kristian Tollefsen.
15:07 of 2nd period - Shot Misses the Net.
15:09 of 2nd period - Slapshot by Joni Pitkanen.
15:09 of 2nd period - Shot Blocked by Chris Drury.
15:39 of 2nd period - Nate Guenin is hit by Nathan Paetsch and loses puck.
16:15 of 2nd period - Penalty to R.J. Umberger is over, R.J. Umberger is back on ice.
16:33 of 2nd period - Penalty to Glen Metropolit is over, Glen Metropolit is back on ice.
16:48 of 2nd period - Snap shot by Glen Metropolit.
16:48 of 2nd period - Shot Misses the Net.
16:50 of 2nd period - Snap shot by Anson Carter.
16:50 of 2nd period - Stopped by Michal Neuvirth without a rebound.
16:51 of 2nd period - Vaclav Prospal wins face-off versus Mike Fisher in Sabres zone.
16:52 of 2nd period - Snap shot by Alexei Kovalev.
16:52 of 2nd period - Shot Blocked by Richard Lintner.
16:54 of 2nd period - Slapshot by Fredrik Modin.
16:54 of 2nd period - Shot Misses the Net.
16:56 of 2nd period - Snap shot by Vaclav Prospal.
16:56 of 2nd period - Goal by Vaclav Prospal - Sabres : 3 - Wild : 3.
16:57 of 2nd period - Chris Drury wins face-off versus Derick Brassard in neutral zone.
17:06 of 2nd period - Snap shot by Chris Drury.
17:06 of 2nd period - Stopped by Michal Neuvirth without a rebound.
17:07 of 2nd period - Chris Drury wins face-off versus Derick Brassard in Sabres zone.
17:26 of 2nd period - Slapshot by Ole-Kristian Tollefsen.
17:26 of 2nd period - Shot Misses the Net.
17:50 of 2nd period - Snap shot by Steve Downie.
17:50 of 2nd period - Shot Misses the Net.
18:08 of 2nd period - Slapshot by Greg Zanon.
18:08 of 2nd period - Stopped by Michal Neuvirth with a rebound.
18:10 of 2nd period - Snap shot by R.J. Umberger.
18:10 of 2nd period - Goal by R.J. Umberger - Sabres : 3 - Wild : 4.
18:11 of 2nd period - Ryan Hollweg wins face-off versus Vaclav Prospal in neutral zone.
18:16 of 2nd period - Wrist shot by Niclas Bergfors.
18:16 of 2nd period - Deflect By Fredrik Modin.
18:16 of 2nd period - Stopped by Martin Brodeur without a rebound.
18:17 of 2nd period - Jiri Hudler wins face-off versus Vaclav Prospal in Wild zone.
18:18 of 2nd period - Slapshot by Niclas Bergfors.
18:18 of 2nd period - Deflect By Jiri Hudler.
18:18 of 2nd period - Stopped by Martin Brodeur with a rebound.
18:20 of 2nd period - Wrist shot by Niclas Bergfors.
18:20 of 2nd period - Goal by Niclas Bergfors - Sabres : 4 - Wild : 4.
18:21 of 2nd period - Chris Drury wins face-off versus Jiri Hudler in neutral zone.
18:48 of 2nd period - Snap shot by Derick Brassard.
18:48 of 2nd period - Stopped by Martin Brodeur with a rebound.
19:10 of 2nd period - Anson Carter is hit by Nathan Dempsey and loses puck.
19:39 of 2nd period - Snap shot by Kyle Calder.
19:39 of 2nd period - Shot Blocked by R.J. Umberger.
19:43 of 2nd period - Wrist shot by Kyle Calder.
19:43 of 2nd period - Stopped by Martin Brodeur with a rebound.
19:57 of 2nd period - Snap shot by Rich Peverley.
19:57 of 2nd period - Stopped by Michal Neuvirth without a rebound.
19:58 of 2nd period - Rich Peverley wins face-off versus Jiri Hudler in Sabres zone.
Goals for this period are 3 for Sabres vs 4 for Wild.
Shots for this period are 14 for Sabres vs 13 for Wild.

3rd period


0:01 of 3rd period - Jiri Hudler wins face-off versus Chris Drury in neutral zone.
0:12 of 3rd period - Ryan Hollweg is hit by Chris Drury and loses puck.
0:23 of 3rd period - Niclas Bergfors is hit by Fedor Tyutin and loses puck.
0:28 of 3rd period - Slapshot by Daniel Briere.
0:28 of 3rd period - Shot Misses the Net.
0:30 of 3rd period - Snap shot by Mike Green.
0:30 of 3rd period - Shot Blocked by Niclas Bergfors.
0:32 of 3rd period - Snap shot by Chris Drury.
0:32 of 3rd period - Stopped by Michal Neuvirth with a rebound.
0:34 of 3rd period - Slapshot by Fedor Tyutin.
0:34 of 3rd period - Shot Misses the Net.
0:36 of 3rd period - Wrist shot by R.J. Umberger.
0:36 of 3rd period - Stopped by Michal Neuvirth with a rebound.
1:03 of 3rd period - Joni Pitkanen is hit by R.J. Umberger and loses puck.
1:24 of 3rd period - Wrist shot by Niclas Bergfors.
1:24 of 3rd period - Stopped by Martin Brodeur with a rebound.
1:30 of 3rd period - Ryan Hollweg is hit by Chris Drury and loses puck.
1:38 of 3rd period - Off-side.
1:39 of 3rd period - Derick Brassard wins face-off versus Vaclav Prospal in neutral zone.
2:26 of 3rd period - Snap shot by Justin Williams.
2:26 of 3rd period - Shot Misses the Net.
2:36 of 3rd period - Slapshot by Shane Hnidy.
2:36 of 3rd period - Stopped by Michal Neuvirth without a rebound.
2:37 of 3rd period - Vaclav Prospal wins face-off versus Derick Brassard in Sabres zone.
2:38 of 3rd period - Backhand shot by Fredrik Modin.
2:38 of 3rd period - Stopped by Michal Neuvirth with a rebound.
2:40 of 3rd period - Slapshot by Mark Eaton.
2:40 of 3rd period - Shot Misses the Net.
2:42 of 3rd period - Wrist shot by Greg Zanon.
2:42 of 3rd period - Stopped by Michal Neuvirth without a rebound.
2:43 of 3rd period - Derick Brassard wins face-off versus Vaclav Prospal in Sabres zone.
2:43 of 3rd period - Derick Brassard is hit by Mark Eaton.
2:51 of 3rd period - Snap shot by Vaclav Prospal.
2:51 of 3rd period - Shot Blocked by Nathan Paetsch.
3:39 of 3rd period - Snap shot by Rich Peverley.
3:39 of 3rd period - Stopped by Michal Neuvirth with a rebound.
3:41 of 3rd period - Wrist shot by Rich Peverley.
3:41 of 3rd period - Shot Blocked by Tyler Sloan.
3:43 of 3rd period - Wrist shot by Chris Neil.
3:43 of 3rd period - Shot Misses the Net.
3:45 of 3rd period - Backhand shot by Mike Green.
3:45 of 3rd period - Shot Misses the Net.
3:59 of 3rd period - Snap shot by Steve Downie.
3:59 of 3rd period - Stopped by Martin Brodeur with a rebound.
4:22 of 3rd period - Icing by Niclas Bergfors.
4:23 of 3rd period - Glen Metropolit wins face-off versus Jiri Hudler in Sabres zone.
4:44 of 3rd period - Minor Penalty to Ryan Hollweg for Holding.
4:45 of 3rd period - Chris Drury wins face-off versus Mike Fisher in Sabres zone.
5:57 of 3rd period - Wrist shot by James Neal.
5:57 of 3rd period - Goal by James Neal - Sabres : 5 - Wild : 4.
5:58 of 3rd period - Chris Drury wins face-off versus Mike Fisher in neutral zone.
6:20 of 3rd period - Icing by Daniel Briere.
6:21 of 3rd period - Chris Drury wins face-off versus Mike Fisher in Wild zone.
6:21 of 3rd period - Chris Drury is hit by Ole-Kristian Tollefsen.
6:44 of 3rd period - Penalty to Ryan Hollweg is over, Ryan Hollweg is back on ice.
6:49 of 3rd period - Wrist shot by Glen Metropolit.
6:49 of 3rd period - Deflect By Anson Carter.
6:49 of 3rd period - Stopped by Michal Neuvirth with a rebound.
6:51 of 3rd period - Snap shot by Greg Zanon.
6:51 of 3rd period - Stopped by Michal Neuvirth with a rebound.
6:53 of 3rd period - Slapshot by Anson Carter.
6:53 of 3rd period - Shot Misses the Net.
6:57 of 3rd period - Snap shot by Anson Carter.
6:57 of 3rd period - Stopped by Michal Neuvirth with a rebound.
7:16 of 3rd period - Slapshot by James Neal.
7:16 of 3rd period - Stopped by Martin Brodeur with a rebound.
7:18 of 3rd period - Slapshot by Ole-Kristian Tollefsen.
7:18 of 3rd period - Shot Misses the Net.
7:20 of 3rd period - Snap shot by Derick Brassard.
7:20 of 3rd period - Stopped by Martin Brodeur without a rebound.
7:21 of 3rd period - Jiri Hudler wins face-off versus Vaclav Prospal in Wild zone.
7:22 of 3rd period - Snap shot by Niclas Bergfors.
7:22 of 3rd period - Stopped by Martin Brodeur with a rebound.
7:47 of 3rd period - Icing by Jiri Hudler.
7:48 of 3rd period - Derick Brassard wins face-off versus Daniel Briere in Sabres zone.
7:48 of 3rd period - Derick Brassard is hit by Shane Hnidy.
8:35 of 3rd period - Snap shot by Steve Downie.
8:35 of 3rd period - Stopped by Martin Brodeur with a rebound.
9:01 of 3rd period - Snap shot by Daniel Briere.
9:01 of 3rd period - Shot Misses the Net.
9:39 of 3rd period - Wrist shot by R.J. Umberger.
9:39 of 3rd period - Stopped by Michal Neuvirth without a rebound.
9:40 of 3rd period - Fredrik Modin wins face-off versus Mike Fisher in Sabres zone.
10:05 of 3rd period - Ryan Hollweg is hit by Alexander Perezhogin and loses puck.
10:18 of 3rd period - Snap shot by Alexander Perezhogin.
10:18 of 3rd period - Shot Blocked by Niclas Bergfors.
10:36 of 3rd period - Slapshot by Todd White.
10:36 of 3rd period - Shot Misses the Net.
10:38 of 3rd period - Snap shot by Justin Williams.
10:38 of 3rd period - Deflect By Kyle Calder.
10:38 of 3rd period - Shot Blocked by Greg Zanon.
10:38 of 3rd period - Puck is out of play.
10:39 of 3rd period - Vaclav Prospal wins face-off versus Mike Fisher in Wild zone.
11:21 of 3rd period - Icing by Anson Carter.
11:22 of 3rd period - Todd White wins face-off versus Rich Peverley in Wild zone.
11:33 of 3rd period - Wrist shot by Kyle Calder.
11:33 of 3rd period - Stopped by Martin Brodeur without a rebound.
11:34 of 3rd period - Antoine Roussel wins face-off versus Vaclav Prospal in Wild zone.
12:03 of 3rd period - Anson Carter is hit by Jiri Hudler and loses puck.
12:24 of 3rd period - Snap shot by James Neal.
12:24 of 3rd period - Shot Misses the Net.
12:40 of 3rd period - Kyle Calder is hit by Chris Neil and loses puck.
13:03 of 3rd period - Backhand shot by Fredrik Modin.
13:03 of 3rd period - Stopped by Michal Neuvirth without a rebound.
13:04 of 3rd period - Mike Fisher wins face-off versus Fredrik Modin in Sabres zone.
13:44 of 3rd period - Vaclav Prospal is hit by James Neal and loses puck.
14:04 of 3rd period - Snap shot by Vaclav Prospal.
14:04 of 3rd period - Shot Blocked by Tyler Sloan.
14:43 of 3rd period - Icing by Mark Eaton.
14:44 of 3rd period - Jiri Hudler wins face-off versus Vaclav Prospal in Wild zone.
15:27 of 3rd period - Wrist shot by Alexei Kovalev.
15:27 of 3rd period - Stopped by Michal Neuvirth with a rebound.
15:29 of 3rd period - Slapshot by Mark Eaton.
15:29 of 3rd period - Shot Blocked by Joni Pitkanen.
15:31 of 3rd period - Snap shot by Alexei Kovalev.
15:31 of 3rd period - Stopped by Michal Neuvirth without a rebound.
15:32 of 3rd period - Antoine Roussel wins face-off versus Glen Metropolit in Sabres zone.
15:34 of 3rd period - Minor Penalty to Antoine Roussel for Tripping.
15:35 of 3rd period - Chris Drury wins face-off versus Mike Fisher in Sabres zone.
17:12 of 3rd period - Kyle Calder is hit by Glen Metropolit and loses puck.
17:34 of 3rd period - Penalty to Antoine Roussel is over, Antoine Roussel is back on ice.
17:54 of 3rd period - Icing by Shane Hnidy.
17:55 of 3rd period - Rich Peverley wins face-off versus Jiri Hudler in Wild zone.
18:16 of 3rd period - Slapshot by James Neal.
18:16 of 3rd period - Shot Hit the Post.
18:18 of 3rd period - Snap shot by Derick Brassard.
18:18 of 3rd period - Deflect By Steve Downie.
18:18 of 3rd period - Stopped by Martin Brodeur with a rebound.
18:24 of 3rd period - Snap shot by James Neal.
18:24 of 3rd period - Stopped by Martin Brodeur without a rebound.
18:25 of 3rd period - Mike Fisher wins face-off versus Rich Peverley in Wild zone.
19:26 of 3rd period - Wild, Martin Brodeur is pulled from the net.
19:28 of 3rd period - Wrist shot by Daniel Briere.
19:28 of 3rd period - Stopped by Michal Neuvirth without a rebound.
19:29 of 3rd period - Bob Hartley call a timeout for Wild.
19:29 of 3rd period - Mike Fisher wins face-off versus Chris Drury in Sabres zone.
19:29 of 3rd period - Mike Fisher is hit by Daniel Briere.
19:39 of 3rd period - Snap shot by Daniel Briere.
19:39 of 3rd period - Goal by Daniel Briere - Sabres : 5 - Wild : 5.
19:39 of 3rd period - Martin Brodeur from Wild was sent back in the game.
19:40 of 3rd period - Mike Fisher wins face-off versus Glen Metropolit in neutral zone.
19:49 of 3rd period - Snap shot by Mike Fisher.
19:49 of 3rd period - Shot Blocked by Mike Green.
19:51 of 3rd period - Slapshot by Tomas Kopecky.
19:51 of 3rd period - Stopped by Martin Brodeur with a rebound.
Goals for this period are 1 for Sabres vs 1 for Wild.
Shots for this period are 11 for Sabres vs 15 for Wild.

Overtime #1


0:01 of 1st overtime period - Derick Brassard wins face-off versus Daniel Briere in neutral zone.
0:43 of 1st overtime period - Off-side.
0:44 of 1st overtime period - R.J. Umberger wins face-off versus Ryan Hollweg in neutral zone.
1:44 of 1st overtime period - Snap shot by Alexei Kovalev.
1:44 of 1st overtime period - Stopped by Michal Neuvirth with a rebound.
4:23 of 1st overtime period - Tyler Sloan is hit by Greg Zanon and loses puck.
Goals for this period are 0 for Sabres vs 0 for Wild.
Shots for this period are 0 for Sabres vs 1 for Wild.

ShootOut


5:00 of 1st overtime period - Penalty Shot by James Neal for Sabres.
5:00 of 1st overtime period - Backhand shot by James Neal.
5:00 of 1st overtime period - Stopped by Martin Brodeur.
5:00 of 1st overtime period - Penalty Shot by Daniel Briere for Wild.
5:00 of 1st overtime period - Snap shot by Daniel Briere.
5:00 of 1st overtime period - Goal by Daniel Briere.
5:00 of 1st overtime period - Penalty Shot by Niclas Bergfors for Sabres.
5:00 of 1st overtime period - Snap shot by Niclas Bergfors.
5:00 of 1st overtime period - Stopped by Martin Brodeur.
5:00 of 1st overtime period - Penalty Shot by Chris Drury for Wild.
5:00 of 1st overtime period - Wrist shot by Chris Drury.
5:00 of 1st overtime period - Goal by Chris Drury.


Output by the SimonT Hockey Simulator (STHS) for François Prévost -- Original Page W3C XHTML 1.0 Valid
Hockey Simulator - Hockey Simulation - Hockey Manager